 Dungeon Crawl Stone Soup version 0.32-a0-999-gfa1cc04b1d (webtiles) character file.

Game seed: 7294459325959181657

65 jasper the Conjurer (level 3, 0/29 HPs)
             Began as a Draconian Conjurer on Apr 24, 2024.
             Incinerated by a bombardier beetle (5 damage)
             ... with a burning spray
             ... on level 3 of the Dungeon.
             The game lasted 00:02:59 (2130 turns).

jasper the Conjurer (Draconian Conjurer)            Turns: 2130, Time: 00:03:00

Health: 0/29       AC:  8    Str:  9    XL:     3   Next: 92%
Magic:  1/6        EV: 11    Int: 20    God:
Gold:   97         SH:  0    Dex:  9    Spells: 1/7 levels left

rFire   . . .        d - +1 club
rCold   . . .        (no shield)
rNeg    . . .        (body armour unavailable)
rPois   +            (helmet restricted)
rElec   .            e - +1 cloak of a ziggurat {rPois Slay-2 Stlth+}
rCorr   .            (no gloves)
SInv    .            f - +0 pair of boots
Will    .....        (no amulet)
Stlth   +            (no ring)
HPRegen 0.24/turn    (no ring)
MPRegen 0.10/turn

%: no passive effects
@: on fire, glowing
A: AC +5, unfitting armour, cold-blooded
a: no special abilities


You were on level 3 of the Dungeon.
You visited 1 branch of the dungeon, and saw 3 of its levels.

You collected 97 gold pieces.

Inventory:

Hand Weapons
 d - a +1 club (weapon)
Armour
 e - the +1 cloak of a ziggurat (worn) {rPois Slay-2 Stlth+}
   (You found it on level 2 of the Dungeon)

   Slay-2:    It affects your accuracy & damage with ranged weapons and melee
   (-2).
   rPois:     It protects you from poison.
   Stlth+:    It makes you more stealthy.
 f - a +0 pair of boots (worn)
Scrolls
 b - a scroll of teleportation
Potions
 a - 2 potions of magic


   Skills:
 + Level 1.7 Fighting
 - Level 1.7 Dodging
 - Level 1.7 Stealth
 + Level 2.5 Spellcasting
 * Level 4.8 Conjurations


You had one spell level left.
You knew the following spells:

 Your Spells              Type           Power      Damage    Failure   Level
a - Magic Dart            Conj           88%        1d7       1%          1
b - Searing Ray           Conj           44%        2d6       3%          2
c - Apportation           Tloc           4%         N/A       16%         1
d - Blink                 Tloc           4%         N/A       22%         2

Your spell library contained the following spells:

 Spells                   Type           Power      Damage    Failure   Level
 Sting                    Conj/Alch      48%        1d6       5%          1
 Necrotise                Necr           8%         1d4       16%         1
 Summon Small Mammal      Summ           8%         N/A       16%         1
 Call Imp                 Summ           4%         N/A       22%         2
 Fulminant Prism          Conj/Alch      6%         3d7       50%         4
 Iskenderun's Mystic Bla Conj/Tloc 12%            2d5        (+2d2     50%         4


Dungeon Overview and Level Annotations

Branches:
Dungeon (3/15)

Altars:


Innate Abilities, Weirdness & Mutations

Your plain brown scales are hard. (AC +5)
You cannot fit into any form of body armour.
You are cold-blooded and may be slowed by cold attacks.


Message History

You now have 1/6 mp.
The searing ray hits the bombardier beetle.
The bombardier beetle is severely wounded.
You finish channelling your searing ray.
You now have 0/6 mp.
Casting: Searing Ray (safe; 3% risk of failure)
Confirm with . or Enter, or press ? or * to list all spells.
Okay, then.
You barely miss the bombardier beetle.
The bombardier beetle is severely wounded.
The bombardier beetle sprays incendiary fluid at you.
The burning spray hits you.
You are covered in liquid fire!
You hit the bombardier beetle.
The bombardier beetle is severely wounded.
The liquid fire burns you!
The bombardier beetle bites you but does no damage.
You take 5 damage, and have 24/29 hp.
You hit the bombardier beetle but do no damage.
The bombardier beetle is severely wounded.
The liquid fire burns you!
You take 4 damage, and have 20/29 hp.
You hit the bombardier beetle but do no damage.
The bombardier beetle is severely wounded.
The liquid fire burns you!
The bombardier beetle bites you but does no damage.
You take 5 damage, and have 15/29 hp.
You shake off some of the fire as you move.
The liquid fire burns you!
The bombardier beetle sprays incendiary fluid at you.
The burning spray hits you.
You are even more covered in liquid fire!
You take 4 damage, and have 11/29 hp.
You shake off some of the fire as you move.
The liquid fire burns you!
* * * LOW HITPOINT WARNING * * *
You take 6 damage, and have 5/29 hp.
MASSIVE DAMAGE!!
You shake off some of the fire as you move.
The liquid fire burns you!
You die...

#################
≈≈≈.....≈≈......###.#...
....≈≈..≈≈...@..'B..)...
..≈≈............###+#...
.≈[..≈.≈....#####......
..≈≈......#######......
....≈≈..≈≈...........#
≈≈≈.....≈≈###........#
#.#####<### #........# #.#
#........#
#.#####'#####........#........


You could see a bombardier beetle.

Vanquished Creatures
  An adder (D:2)
  A dart slug (D:2)
  6 ball pythons
  6 endoplasms
  2 giant cockroaches
  4 goblins
  3 hobgoblins
  6 jackals
  3 quokkas (D:1)
  3 frilled lizards (D:1)
  5 kobolds
  7 rats
47 creatures vanquished.

Notes
Turn   | Place    | Note
-------+----------+-------------------------------------------
     0 | D:1      | jasper the Draconian Conjurer began the quest for the Orb.
     0 | D:1      | Reached XP level 1. HP: 14/14 MP: 3/3
   167 | D:1      | Reached XP level 2. HP: 22/22 MP: 0/5
   411 | D:1      | Reached skill level 1 in Fighting
   416 | D:1      | Learned a level 2 spell: Searing Ray
  1005 | D:1      | Reached XP level 3. HP: 28/28 MP: 3/6
  1469 | D:2      | Learned a level 1 spell: Apportation
  1497 | D:2      | Identified the +1 cloak of a ziggurat {rPois Slay-2 Stlth+}
  2006 | D:3      | Learned a level 2 spell: Blink
  2130 | D:3      | Incinerated by a bombardier beetle

Illustrated notes

Levels and vault maps discovered:
D:1:      dpeg_arrival_boxes_within_box, layout_basic, minmay_shallow_snake_nest
D:2:      layout_rooms
D:3:      layout_basic, nicolae_uskayaw_suspiria

Skill      XL: |  1  2 |
---------------+-------+-----
Fighting       | 1 |  1.7
Dodging        | |  1.7
Stealth        | |  1.7
Spellcasting   | |  2.5
Conjurations   | |  4.8

Action                     || total
---------------------------++-------
  Melee: Unarmed           ||    14
         Tailslap          ||     6
         Club              ||    47
   Cast: Magic Dart        ||    70
         Searing Ray       ||     5
    Use: Scroll            ||     5
 Armour: Skin              ||    45
  Dodge: Dodged            ||    44

Table legend: (Time is in decaauts)
 A = Elapsed time spent in this place.
 B = Non-inter-level travel time spent in this place.
 C = Inter-level travel time spent in this place.
 D = Time resting spent in this place.
 E = Time spent auto-exploring this place.
 F = Levels seen in this place.
 G = Mean time per level.
                   A        B        C        D        E       F      G
               +--------+--------+--------+--------+--------+-----+--------+
         Total |   2145 |   2118 |     27 |     15 |   1796 |   3 |  715.0 |
       Dungeon |   2145 |   2118 |     27 |     15 |   1796 |   3 |  715.0 |
               +--------+--------+--------+--------+--------+-----+--------+

Top non-repeatable levels by time:
     D:1: 1417 daAuts
     D:2: 581 daAuts
     D:3: 147 daAuts
